Unix NetHack Version 3.7.0-86 Work-in-progress - last build May 30 2023 11:53:40 (cc98dc9aa62a9957b082a042edf5bd7ec9f632c7,branch:master). Game began 2023-06-13 20:05:36, ended 2023-06-27 17:10:45. UmberConductor, neutral female human Tourist } E@} UmberConductor the Voyager St:18/79 Dx:19 Co:18 In:18 Wi:18 Ch:18 Neutral S:1478403 Dlvl:45 $:0 HP:0(223) Pw:47(121) AC:-32 Xp:22/20005587 T:82392 Burdened Latest messages: You hit the white dragon! What do you want to use or apply? [abdgi-kmor-twABD-FOQS-W or ?*] s In what direction? u Status of the purple worm (neutral, gigantic): Level 20 HP 129(153) AC 6, tame, fast. The massive hammer hits! Lightning strikes the white dragon! You hit the white dragon! The white dragon misses! The white dragon misses! The white dragon misses! What do you want to use or apply? [abdgi-kmor-twABD-FOQS-W or ?*] s In what direction? l Status of the white dragon (chaotic, gigantic): Level 22 HP 43(144) AC -1. The massive hammer hits! Lightning strikes the white dragon! You kill the white dragon! The purple worm eats a white dragon corpse. You swap places with your black dragon. You escape a squeaky board. The black dragon bites it. The black dragon hits it. The black dragon hits it. It misses the black dragon. What do you want to use or apply? [abdgi-kmor-twABD-FOQS-W or ?*] s In what direction? j Status of the black dragon (chaotic, gigantic): Level 20 HP 145(153) AC -1, tame, fast. You climb up the ladder. What do you want to use or apply? [abdgi-kmor-twABD-FOQS-W or ?*] w You produce a strange whistling sound. Your invisible yellow dragon shifts location. You fall down the ladder. You stop. Your invisible yellow dragon is in the way! A board beneath you squeaks an E note loudly. The black dragon bites it. The black dragon hits it. The black dragon hits it. It misses the black dragon. It misses the black dragon. The black dragon bites the ettin mummy. The black dragon hits the ettin mummy. The black dragon hits the ettin mummy. The ettin mummy misses the black dragon. The ettin mummy hits the black dragon. You swap places with the peaceful air elemental. You fall into the moat! You sink like a rock. Your magic lamp goes out! Your towel gets damp. Some water gets into your bag of holding named IT HAS ARRIVED! The grease on your sack washes off. You drown. Do you want to see the dungeon overview? q Inventory: Amulets ('"') Y - an uncursed amulet of reflection (being worn) Weapons (')') c - an uncursed +0 crysknife y - the uncursed rustproof +5 Mjollnir (wielded in right hand) H - an uncursed +2 silver saber (wielded in left hand) M - the blessed rustproof +5 Fire Brand R - 69 blessed poisoned +4 darts (at the ready) Armor ('[') f - a blessed +3 gray dragon scale mail (being worn) l - a blessed fireproof +4 Hawaiian shirt with a tropical fish motif (being worn) u - an uncursed fireproof +5 cloak of protection (being worn) z - an uncursed greased fireproof +1 elven leather helm (being worn) I - a blessed fireproof +2 pair of gauntlets of dexterity (being worn) N - an uncursed fireproof +3 pair of speed boots (being worn) Comestibles ('%') p - 4 uncursed sprigs of wolfsbane q - an uncursed lizard corpse L - 4 uncursed cloves of garlic Spellbooks ('+') b - the uncursed Book of the Dead Rings ('=') x - an uncursed +3 ring of increase damage (on left hand) G - an uncursed ring of conflict J - an uncursed ring of shock resistance (on right hand) P - an uncursed ring of teleport control Wands ('/') d - an uncursed wand of teleportation (0:3) j - an uncursed wand of lightning (0:1) o - an uncursed wand of cold (5:1) r - an uncursed wand of cancellation (0:2) t - an uncursed wand of digging (0:5) A - an uncursed wand of digging (0:2) B - an uncursed wand of digging (0:3) F - an uncursed wand of teleportation (0:4) Q - an uncursed wand of fire (0:3) W - an uncursed wand of sleep (0:7) Tools ('(') a - an uncursed expensive camera (0:85) g - the blessed Bell of Opening (0:1) i - an uncursed blindfold k - an uncursed skeleton key m - an uncursed magic lamp s - an uncursed stethoscope w - an uncursed magic whistle D - the blessed Platinum Yendorian Express Card E - an uncursed moist towel O - a blessed bag of holding named IT HAS ARRIVED containing 262 items S - the uncursed Candelabrum of Invocation (0 of 7 candles attached) T - an uncursed magic flute (0:3) U - an uncursed sack containing 4 items V - an uncursed +0 unicorn horn Gems/Stones ('*') h - a blessed luckstone Contents of the bag of holding named IT HAS ARRIVED: 242 gold pieces an uncursed amulet of ESP an uncursed amulet of ESP an uncursed amulet of flying a blessed amulet of guarding an uncursed amulet of life saving an uncursed amulet of life saving a blessed amulet of magical breathing an uncursed amulet of reflection an uncursed amulet of unchanging 7 uncursed +0 silver arrows a blessed poisoned +1 dart 33 uncursed poisoned +0 shuriken an uncursed +0 stiletto a blessed +1 worm tooth an uncursed +0 worm tooth an uncursed +0 bullwhip the uncursed rustproof +0 Dragonbane a cursed -3 flail named Butcherling the uncursed +0 Werebane an uncursed +0 cornuthaum a cursed -1 helm of opposite alignment an uncursed burnt +2 pair of leather gloves an uncursed +0 pair of jumping boots an uncursed -1 pair of levitation boots an uncursed +0 pair of water walking boots an uncursed +0 alchemy smock with text "If you can't stand the heat, get out of Gehennom!" an uncursed +0 cloak of displacement a blessed +1 cloak of invisibility a blessed fireproof +1 elven cloak an uncursed greased +0 mummy wrapping an uncursed +0 robe an uncursed +0 Hawaiian shirt with a water nymph motif an uncursed +0 Hawaiian shirt with an orchid motif an uncursed +0 T-shirt with text "Don't blame me, I voted for Izchak!" an uncursed +0 set of gray dragon scales an uncursed +0 set of red dragon scales an uncursed +0 set of silver dragon scales an uncursed +0 set of white dragon scales an uncursed +0 set of yellow dragon scales 7 uncursed carrots 29 uncursed K-rations 22 uncursed kelp fronds 3 uncursed lembas wafers an uncursed lump of royal jelly 2 uncursed tripe rations an uncursed lizard corpse 3 uncursed lizard corpses 2 uncursed scrolls of blank paper 2 uncursed scrolls of blank paper a blessed scroll of create monster an uncursed scroll of create monster a cursed scroll of create monster 2 cursed scrolls of create monster an uncursed scroll of destroy armor a blessed scroll of earth an uncursed scroll of enchant armor 2 uncursed scrolls of fire an uncursed scroll of light an uncursed scroll of remove curse an uncursed scroll of remove curse an uncursed scroll of scare monster 2 uncursed scrolls of scare monster an uncursed scroll of scare monster a blessed scroll of stinking cloud an uncursed scroll of taming 2 blessed scrolls of teleportation 9 uncursed scrolls of teleportation a cursed scroll of teleportation an uncursed spellbook of magic missile an uncursed diluted potion of booze an uncursed potion of extra healing 5 uncursed diluted potions of extra healing 2 uncursed potions of full healing 4 uncursed diluted potions of full healing a cursed diluted potion of full healing a cursed potion of gain level a blessed potion of monster detection an uncursed potion of paralysis a cursed potion of paralysis a blessed potion of restore ability 2 uncursed potions of sickness a blessed potion of speed 4 uncursed potions of speed a potion of holy water 5 uncursed potions of water a potion of unholy water an uncursed +1 ring of adornment an uncursed ring of cold resistance an uncursed ring of conflict an uncursed ring of conflict a cursed ring of conflict an uncursed ring of fire resistance an uncursed ring of fire resistance an uncursed +2 ring of gain constitution an uncursed +1 ring of gain constitution an uncursed -1 ring of gain constitution a blessed +2 ring of gain strength an uncursed ring of hunger an uncursed +1 ring of increase accuracy a cursed -1 ring of increase damage a cursed ring of invisibility named Four Ring a cursed ring of invisibility named One Ring a cursed ring of invisibility named Two Ring a cursed ring of invisibility named Three Ring an uncursed ring of poison resistance an uncursed ring of polymorph an uncursed ring of polymorph control a blessed +2 ring of protection an uncursed ring of protection from shape changers an uncursed ring of protection from shape changers a cursed ring of protection from shape changers an uncursed ring of regeneration an uncursed ring of searching an uncursed ring of searching an uncursed ring of searching an uncursed ring of searching an uncursed ring of shock resistance an uncursed ring of stealth an uncursed ring of stealth an uncursed ring of sustain ability an uncursed ring of teleportation a cursed ring of teleportation an uncursed wand of cold (0:7) an uncursed wand of cold (0:7) an uncursed wand of cold named Asmodeus's Right Eye (0:6) an uncursed wand of cold (0:5) an uncursed wand of cold (0:4) an uncursed wand of cold (0:2) a blessed wand of create monster (0:0) an uncursed wand of create monster (0:12) an uncursed wand of create monster (0:12) an uncursed wand of create monster (0:10) an uncursed wand of create monster (0:10) an uncursed wand of create monster (0:6) an uncursed wand of create monster (0:0) an uncursed wand of create monster (0:0) an uncursed wand of create monster (0:0) an uncursed wand of create monster (0:0) an uncursed wand of death named Wand of Orcus (0:5) an uncursed wand of death (0:5) an uncursed wand of death (0:1) an uncursed wand of digging (0:8) an uncursed wand of digging (0:7) an uncursed wand of digging (0:7) an uncursed wand of digging (0:6) an uncursed wand of digging (0:6) an uncursed wand of digging (0:6) an uncursed wand of digging (0:6) an uncursed wand of digging (0:6) an uncursed wand of digging (0:4) an uncursed wand of digging (0:4) an uncursed wand of digging (0:3) an uncursed wand of digging (0:3) an uncursed wand of digging (0:2) an uncursed wand of digging (2:0) an uncursed wand of digging (1:0) an uncursed wand of fire (0:7) an uncursed wand of fire (0:7) an uncursed wand of fire (0:6) an uncursed wand of fire (0:5) an uncursed wand of fire (0:5) an uncursed wand of fire (0:4) an uncursed wand of fire named Asmodeus's Left Eye (0:4) a blessed wand of lightning (0:3) a blessed wand of lightning (0:0) an uncursed wand of lightning (0:5) an uncursed wand of lightning (0:4) an uncursed wand of lightning (0:3) an uncursed wand of lightning (0:2) an uncursed wand of make invisible (0:8) an uncursed wand of make invisible (0:6) an uncursed wand of make invisible (0:6) an uncursed wand of make invisible (0:6) an uncursed wand of make invisible (0:5) an uncursed wand of make invisible (0:3) an uncursed wand of opening (0:7) an uncursed wand of opening (0:6) an uncursed wand of opening (0:5) an uncursed wand of opening (0:4) an uncursed wand of opening (0:3) an uncursed wand of polymorph (0:7) an uncursed wand of polymorph (0:5) an uncursed wand of polymorph (0:4) an uncursed wand of polymorph (0:2) an uncursed wand of probing (0:8) an uncursed wand of probing (0:6) an uncursed wand of secret door detection (0:13) a blessed wand of sleep (3:0) an uncursed wand of sleep (0:8) an uncursed wand of sleep (0:7) an uncursed wand of sleep (0:7) an uncursed wand of sleep (0:4) an uncursed wand of sleep (0:0) an uncursed wand of slow monster (1:7) an uncursed wand of slow monster (0:6) an uncursed wand of speed monster (0:8) an uncursed wand of speed monster (0:6) an uncursed wand of speed monster (0:5) an uncursed wand of speed monster (0:4) an uncursed wand of striking (0:8) an uncursed wand of striking (0:8) an uncursed wand of striking (0:7) an uncursed wand of striking (0:7) an uncursed wand of striking (0:6) an uncursed wand of striking (0:5) an uncursed wand of striking (0:4) an uncursed wand of striking (0:4) an uncursed wand of striking (0:4) an uncursed wand of striking (0:4) an uncursed wand of striking (0:3) an uncursed wand of striking (0:2) an uncursed wand of striking (0:1) an uncursed wand of striking (0:0) an uncursed wand of teleportation (0:7) an uncursed wand of teleportation (0:4) an uncursed wand of teleportation (0:2) an uncursed wand of teleportation (0:1) an uncursed wand of undead turning (0:8) an uncursed wand of undead turning (0:3) an uncursed wand of undead turning (0:1) an uncursed bugle an uncursed can of grease (0:11) an uncursed can of grease (0:8) an uncursed credit card an uncursed expensive camera (0:71) an uncursed expensive camera (0:44) an uncursed lock pick an uncursed magic marker (1:24) an uncursed magic marker (1:6) an uncursed magic marker (1:5) an uncursed magic whistle an uncursed stethoscope 7 uncursed tallow candles an uncursed tin opener an uncursed +0 unicorn horn 5 blessed wax candles 8 uncursed wax candles 5 uncursed agate stones 3 uncursed amber stones 11 uncursed amber stones 17 uncursed amethyst stones 3 uncursed aquamarine stones 6 uncursed black opals 8 uncursed chrysoberyl stones 5 uncursed citrine stones 15 uncursed diamonds 14 uncursed dilithium crystals 17 uncursed emeralds 9 uncursed fluorite stones 9 uncursed garnet stones 6 uncursed jacinth stones 4 uncursed jade stones 5 uncursed jasper stones 13 uncursed jet stones 7 uncursed obsidian stones 3 uncursed opals 10 uncursed rubies 4 uncursed sapphires 10 uncursed topaz stones an uncursed turquoise stone an uncursed touchstone Contents of the sack: a blessed scroll of remove curse an uncursed scroll of scare monster an uncursed wand of wishing (1:1) an empty uncursed bag of holding UmberConductor the Tourist's attributes: Background: You were a Voyager, a level 22 female human Tourist. You were neutral, on a mission for The Lady who was opposed by Blind Io (lawful) and Offler (chaotic). You started out male. You were in Gehennom, on level 45. You entered the dungeon 82392 turns ago. You had 20005587 experience points, 9994413 more were needed for level 23. Your score was 1478403 before end-of-game adjustments. Basics: You had 0 out of 223 hit points. You had 47 out of 121 energy points (spell power). Your armor class was -32. Your wallet was empty, but you had 242 zorkmids stashed away in your pack. Autopickup was on for '$"?+!=/' plus thrown, with exceptions. Final Characteristics: Your strength was 18/79 (limit:18/100). Your dexterity was 19 (base:17, peak:18, innate limit:18). Your constitution was 18 (limit:18). Your intelligence was 18 (limit:18). Your wisdom was 18 (limit:18). Your charisma was 18 (limit:18). Final Status: You were underwater. You were not hungry. You were burdened; movement was slightly slowed. You were wielding two weapons at once. Your two weapon skill was limited by being basic with hammer. You were skilled in saber and two weapons. Final Attributes: You were piously aligned. You were magic-protected. You were fire resistant. You were cold resistant. You were sleep resistant. You were disintegration resistant. You were shock resistant. Your items were protected from electric shocks. You were poison resistant. You saw invisible. You were telepathic. You had automatic searching. You were clairvoyant. You were invisible to others. You aggravated monsters. You had a small damage bonus (+3). You had a moderate defense bonus (+9). You were protected. You took half spell damage. You were very fast. You had reflection. You were extremely lucky. You had extra luck. Good luck did not time out for you. You are dead. Miscellaneous: You encountered 1 bones level. Total elapsed playing time was 2 days, 20 hours, 47 minutes and 36 seconds. Major events: Turn 1: UmberConductor the neutral male human Tourist entered the dungeon 945: attained the rank of Sightseer (level 3) 1358: entered the Gnomish Mines 3658: attained the rank of Excursionist (level 6) 3692: destroyed UmberConductor's ghost, the former Sightseer 7181: entered Sokoban 7473: completed 1st Sokoban level 7933: completed 2nd Sokoban level 8666: completed 3rd Sokoban level 15962: attained the rank of Peregrinator (level 10) 17051: completed 4th Sokoban level 17399: acquired the Sokoban amulet of reflection 19623: entered the Bigroom 20175: was bestowed with Mjollnir by The Lady 21534: made his first wish - "blessed greased +3 gray dragon scale mail", got "a greased gray dragon scale mail" 26473: acquired the Mines' End luckstone 29335: consulted the Oracle 31908: attained the rank of Traveler (level 14) 32688: was bestowed with Fire Brand by The Lady 32718: was bestowed with Dragonbane by The Lady 42430: found the Platinum Yendorian Express Card on the floor 42452: killed the Master of Thieves 42453: acquired the Bell of Opening 53603: performed her first genocide (disenchanters) 53765: killed Medusa 55071: wished for "blessed greased fireproof bag of holding named IT HAS ARRIVED", got "a greased bag named IT HAS ARRIVED" 55479: entered Gehennom 61573: wished for "blessed spellbook of identify named Knowledge for Nimble-Witted Know-it-alls", got "a mottled spellbook named Knowledge for Nimble-Witted Know-it-alls" 65058: genocided rock moles 65732: killed Croesus 66749: wished for "uncursed magic marker", got "a magic marker" 69276: killed Juiblex 69976: killed the invisible Asmodeus 70907: killed Baalzebub 71772: attained the rank of Journeyer (level 18) 72060: killed the invisible Orcus 73524: destroyed Vlad the Impaler 73525: acquired the Candelabrum of Invocation 77635: killed Yeenoghu 78054: was bestowed with Werebane by The Lady 82199: killed the Wizard of Yendor 82214: acquired the Book of the Dead 82223: attained the rank of Voyager (level 22) 82392: drowned in a moat Vanquished creatures: Asmodeus Baalzebub Orcus Yeenoghu Juiblex the Wizard of Yendor Vlad the Impaler 3 arch-liches 2 mastodons Medusa Croesus 7 krakens the Master of Thieves 3 iron golems 7 master liches 12 storm giants 2 titans 5 glass golems 2 balrogs 8 purple worms 2 gray dragons 2 gold dragons 5 silver dragons 10 red dragons 6 white dragons 10 orange dragons 3 black dragons 6 blue dragons 5 green dragons 7 yellow dragons 27 minotaurs 4 jabberwocks 7 baluchitheria an Angel 3 demiliches 2 stone golems 2 master mind flayers 14 Olog-hai 5 Nazgul 10 pit fiends 2 sandestins 3 hell hounds 3 displacer beasts 8 titanotheres 6 trappers a baby white dragon a baby yellow dragon 6 guardian nagas 9 genetic engineers 28 vampire leaders 6 skeletons 2 shopkeepers an aligned cleric 14 captains 6 shades 12 liches 3 clay golems 9 nurses 5 ice devils 3 nalfeshnees 6 lurkers above an Aleax 10 frost giants 12 ettins 3 golden nagas 19 black puddings 30 vampires 16 lieutenants a watch captain 37 ghosts 2 queen bees 9 winged gargoyles 3 mind flayers 17 giant mimics 7 long worms 11 zruties 4 fire giants 14 ogre tyrants 5 ice trolls 4 rock trolls 12 umber hulks 5 flesh golems 5 elven monarchs 21 doppelgangers 7 hezrous 17 bone devils 15 large mimics 2 wumpuses a baby purple worm 8 couatls 27 stalkers 6 air elementals 3 fire elementals 3 earth elementals 4 water elementals 14 hill giants 6 giant mummies 4 black nagas 10 xorns 28 giant zombies 20 elf-nobles 37 sergeants a water demon 5 barbed devils 29 vrocks 2 salamanders 22 wargs 4 winter wolves 10 hell hound pups 33 small mimics 8 glass piercers 17 warhorses 4 steam vortices 18 xans 5 ettin mummies 9 ogre leaders 17 quantum mechanics 22 trolls 5 sasquatches 4 wood golems an erinys 2 mariliths a djinni 4 sharks 12 gelatinous cubes 2 pyrolisks 5 large dogs 8 freezing spheres 9 flaming spheres 7 shocking spheres 3 large cats 8 tigers 7 gargoyles 5 dwarf rulers 14 tengu 19 ochre jellies 18 leocrottas 5 energy vortices 17 mountain centaurs 13 stone giants 4 elf mummies 5 human mummies 5 red nagas 4 green slimes 7 pythons 7 pit vipers 4 cobras 56 wraiths 7 carnivorous apes 18 ettin zombies 5 leather golems 26 Grey-elves 120 soldiers 4 watchmen 16 amorous demons 6 horned devils 12 chameleons 4 crocodiles 17 giant beetles 6 quivering blobs 28 cockatrices 25 wolves 4 winter wolf cubs 6 lynxes 6 panthers 44 gremlins 3 spotted jellies 33 leprechauns 6 orc-captains 11 iron piercers 5 mumakil 150 giant spiders 17 scorpions 9 horses 2 ice vortices 4 black lights 17 vampire bats 33 forest centaurs 10 gnome rulers 8 orc mummies 5 dwarf mummies 8 ogres 14 brown puddings 9 rust monsters 19 owlbears 15 yetis 7 gold golems 5 werewolves 13 Green-elves 4 piranha 26 giant eels 29 lizards 12 chickatrices 3 dingoes 5 dogs 3 housecats 6 jaguars 9 dwarf leaders 9 blue jellies 12 white unicorns 2 gray unicorns 8 black unicorns 10 dust vortices 4 ravens 13 plains centaurs a Kop Kaptain 11 gnome mummies 22 snakes 6 water moccasins 14 apes 33 human zombies 3 rope golems 17 Woodland-elves 24 soldier ants 66 fire ants 30 bugbears 5 imps 3 lemures 15 quasits 11 wood nymphs 10 water nymphs 3 mountain nymphs 18 Mordor orcs 19 Uruk-hai 2 orc shamans 16 rock piercers 12 rock moles 9 ponies 5 fog clouds 20 yellow lights 4 shriekers 14 violet fungi 27 gnome leaders 15 gnomish wizards 7 Kop Lieutenants 4 kobold mummies a golden naga hatchling a guardian naga hatchling 11 gray oozes 11 barrow wights 25 elf zombies 8 ghouls 3 straw golems 4 paper golems 4 jellyfish 23 giant ants 2 little dogs 17 floating eyes a kitten 33 dwarves 15 homunculi 6 kobold leaders 8 kobold shamans 81 hill orcs 41 rothes 8 rabid rats 20 centipedes 10 giant bats 8 monkeys 24 orc zombies 27 dwarf zombies 4 wererats 4 werejackals 10 iguanas 66 killer bees 8 acid blobs 6 coyotes 4 gas spores 7 hobbits 10 manes 5 large kobolds 24 hobgoblins 7 giant rats 25 cave spiders 2 brown molds 5 yellow molds 4 green molds 9 red molds 82 gnomes 9 Keystone Kops 16 garter snakes 18 gnome zombies 14 geckos 27 jackals 4 foxes 4 kobolds 10 goblins 9 sewer rats 20 grid bugs 3 bats 17 lichens 14 kobold zombies 28 newts 3478 creatures vanquished. Genocided or extinct species: disenchanters soldiers (extinct) giant spiders (extinct) rock moles 2 species genocided. 2 species extinct. Voluntary challenges: You read items or engraved 285 times. You never engraved Elbereth. You genocided 2 types of monsters. You never polymorphed an object. You used 4 wishes. You did not wish for any artifacts. You did not violate any of the special Sokoban rules. Achievements: You entered a shop. You attained the rank of Sightseer. You entered the Gnomish Mines. You attained the rank of Excursionist. You entered a temple. You entered Sokoban. You attained the rank of Peregrinator. You completed Sokoban. You entered the Big Room. You completed the Gnomish Mines. You consulted the Oracle of Delphi. You attained the rank of Traveler. You had the Bell of Opening. You defeated Medusa. You entered Gehennom. You attained the rank of Journeyer. You had the Candelabrum of Invocation. You had the Book of the Dead. You attained the rank of Voyager. The Dungeons of Doom: levels 1 to 29 Level 1: Level 2: A general store. Level 3: A sink. Stairs down to The Gnomish Mines. Level 4: An armor shop. Level 5: Oracle of Delphi. Level 6: Stairs up to Sokoban, level 5. Level 7: Level 8: Level 9: An altar to The Lady. Level 10: A very big room. Level 11: Portal to The Quest. Level 12: Level 13: Level 14: Many graves. Level 15: Level 16: A temple to The Lady, a sink. Portal to Fort Ludios. Level 17: Level 18: A primitive area. Level 19: An untended shop. Level 20: An altar to The Lady. Level 21: A temple to The Lady, a grave. Level 22: A fountain, a grave. Level 23: A general store, a fountain. Level 24: Level 25: A sink. Level 26: Some fountains, many trees. Level 27: Level 28: Level 29: A fountain. The castle. Connection to Gehennom. Gehennom: levels 30 to 50 Level 30: A temple, many graves. Valley of the Dead. Level 31: Level 32: Level 33: Level 34: A fountain. Level 35: Level 36: Level 37: Level 38: Level 39: Some shops, an altar, many graves. Stairs up to Vlad's Tower, level 38. Level 40: Level 41: Level 42: Level 43: Level 44: Level 45: <- You were here. Final resting place for you, drowned in a moat. Level 46: Level 47: Level 48: Level 49: Level 50: Gateway to Moloch's Sanctum. The Gnomish Mines: levels 4 to 12 Level 4: Level 5: A grave. Final resting place for UmberConductor-Tou-Hum-Fem-Neu, killed by a dwarf. Level 6: Level 7: Many shops, a temple to The Lady, some fountains. Level 8: Level 9: Level 10: Level 11: Level 12: The Quest: levels 1 to 6 Level 1: Some graves. Completed quest for Twoflower. Level 2: Level 3: Some shops, many graves. Level 4: Level 5: Level 6: Some shops, many graves. Sokoban: levels 5 up to 2 Level 2: Solved. Level 3: Solved. Level 4: Solved. Level 5: Solved. Fort Ludios: Level 1: Fort Ludios. Vlad's Tower: levels 38 up to 36 Level 36: Level 37: Level 38: Game over: ---------- / \ / REST \ / IN \ / PEACE \ / \ | UmberConductor | | 242 Au | | drowned in a | | moat | | | | | | 2023 | *| * * * | * _________)/\\_//(\/(/\)/\//\/|_)_______ Aloha UmberConductor the Tourist... You drowned in Gehennom on dungeon level 45 with 1478403 points, and 242 pieces of gold, after 82392 moves. You were level 22 with a maximum of 223 hit points when you drowned.